 Dungeon Crawl Stone Soup version 0.32-a0-350-g4f4d228785 (webtiles) character file.

Game seed: 17947430049469598148

103287 sleeves the Tortoise (level 15, -6/137 HPs)
             Began as a Mountain Dwarf Fighter on Feb 17, 2024.
             Was a High Priest of Ru.
             Mangled by a demonic crawler (13 damage)
             ... on level 2 of the Spider Nest on Feb 18, 2024.
             The game lasted 02:06:32 (36670 turns).

sleeves the Tortoise (Mountain Dwarf Fighter)      Turns: 36670, Time: 02:06:32

Health: -6/137     AC: 32    Str: 29    XL:     15   Next: 88%
Magic:  24/24      EV:  9    Int: 13    God:    Ru [*****.]
Gold:   2465       SH:  0    Dex: 16    Spells: 14/14 levels left

rFire   . . .        p - +11 morningstar "Ohiud" {drain, rPois rCorr Dex+3}
rCold   + . .        Q - +0 kite shield
rNeg    . . .        O - +0 crystal plate armour
rPois   +            X - +1 hat "Daatocob" {rC+}
rElec   .            L - +2 cloak {rCorr}
rCorr   +            m - +1 pair of gloves {Str+3}
SInv    .            (no boots)
Will    +....        j - amulet of faith Stlth
                     l - +6 ring of strength
HPRegen 0.42/turn    a - ring of Waciba {MP+9 Int+4}
MPRegen 0.19/turn

%: faith
@: confused
A: dopey 1, hated by all, no conjurations magic, no hexes magic, no ice magic,
disrupted magic 3, no forms, runic magic, artefact enchanting
a: Renounce Religion, Draw Out Power, Power Leap, Apocalypse


You were on level 2 of the Spider Nest.
You worshipped Ru.
Ru was extremely pleased with you.
You visited 5 branches of the dungeon, and saw 25 of its levels.
You also visited: Trove, Ossuary, Bailey and Gauntlet.

You collected 2679 gold pieces.
You spent 214 gold pieces at shops.

Inventory:

Hand Weapons
 p - the +11 morningstar "Ohiud" (weapon) {drain, rPois rCorr Dex+3}
   (You found it in a Gauntlet)

   Dex+3:     It affects your dexterity (+3).
   rPois:     It protects you from poison rCorr: It protects you from acid and
   corrosion.
 I - the +4 sling "Yroxkac" {freeze, rN+++ Str-4 Dex+3 Stlth+}
   (You found it on level 4 of the Dungeon)

   Str-4:     It affects your strength (-4).
   Dex+3:     It affects your dexterity (+3).
   rN+++:     It renders you almost immune to negative energy.
   Stlth+:    It makes you more stealthy.
Missiles
 z - 2 curare-tipped darts
 J - a throwing net
Armour
 b - a +2 buckler of fire resistance
   (You took it off a tengu warrior on level 13 of the Dungeon)
 m - a +1 pair of gloves of strength (worn)
   (You found it in a Gauntlet)
 L - a +2 cloak of preservation (worn)
   (You found it on level 14 of the Dungeon)
 O - a +0 crystal plate armour (worn)
   (You found it on level 9 of the Dungeon)
 Q - a +0 kite shield (worn)
   (You took it off a gnoll sergeant on level 9 of the Dungeon)
 R - a +0 scale mail of cold resistance
   (You took it off a gnoll sergeant on level 9 of the Dungeon)
 W - a +1 chain mail of fire resistance
   (You found it in a Gauntlet)
 X - the +1 hat "Daatocob" (worn) {rC+}
   (You found it in a Gauntlet)

   rC+:       It protects you from cold.
Jewellery
 a - the ring of Waciba (right hand) {MP+9 Int+4}
   (You found it in a Gauntlet)

   [ring of magical power]

   Int+4:     It affects your intelligence (+4).
   MP+9:      It affects your magic capacity (+9).
 j - an amulet of faith (around neck)
   (You found it on level 2 of the Dungeon)
 l - a +6 ring of strength (left hand)
   (You found it on level 1 of the Lair of Beasts)
 N - a ring of fire
   (You took it off a deep elf pyromancer on level 15 of the Dungeon)
 V - a ring of fire
   (You found it on level 5 of the Lair of Beasts)
Wands
 c - a wand of iceblast (6)
   (You found it on level 1 of the Lair of Beasts)
 g - a wand of flame (67)
   (You found it on level 7 of the Dungeon)
 k - a wand of polymorph (1)
   (You took it off Ijyb on level 4 of the Dungeon)
 G - a wand of quicksilver (6)
   (You found it on level 9 of the Dungeon)
 S - a wand of paralysis (8)
   (You found it on level 9 of the Dungeon)
Scrolls
 f - 4 scrolls of torment
 n - 3 scrolls of amnesia
 o - 5 scrolls of revelation
 q - a scroll of identify
 v - 2 scrolls of blinking
 w - 6 scrolls of enchant weapon
 x - a scroll of enchant armour
 y - 4 scrolls of fog
 A - 8 scrolls of teleportation
 E - a scroll of vulnerability
 F - a scroll of fear
 U - 3 scrolls of immolation
 Y - a scroll of brand weapon {unknown}
Potions
 d - 3 potions of might
 e - 8 potions of attraction
 i - 3 potions of curing
 r - 2 potions of cancellation
 t - 7 potions of brilliance
 u - 4 potions of mutation
 B - a potion of magic
 D - 4 potions of berserk rage
 H - 3 potions of enlightenment
 K - 3 potions of heal wounds
 Z - 2 potions of haste
Miscellaneous
 h - a phial of floods
   (You found it on level 13 of the Dungeon)
 C - a condenser vane
   (You found it in a Gauntlet)
 T - a lightning rod (4/4)
   (You found it on level 3 of the Lair of Beasts)


   Skills:
 + Level 13.9 Fighting
 - Level 16.0 Maces & Flails
 + Level 17.6 Armour
 + Level 6.9 Dodging
 - Level 12.0 Shields
 - Level 10.0 Evocations


You had 14 spell levels left.
You didn't know any spells.
Your spell library contained the following spells:

 Spells                   Type           Power      Damage    Failure   Level
 Sublimation of Blood     Necr           0%         N/A       94%         2
 Volatile Blastmotes      Fire/Tloc      0%         2d10      99%         3
 Dispel Undead            Necr           0%         3d6       100%        4
 Alistair's Intoxication  Alch           0%         N/A       100%        5
 Borgnjor's Vile Clutch   Necr/Erth      0%         N/A       100%        5
 Curse of Agony           Necr           0%         N/A       100%        5
 Eringya's Noxious Bog    Alch           0%         4d6       100%        6
 Dazzling Flash           Conj/Hex       Unusable   N/A       N/A         3
 Hailstorm                Conj/Ice       Unusable   3d5       N/A         3
 Mephitic Cloud           Conj/Alch/Air  Unusable   N/A       N/A         3
 Ozocubu's Armour         Ice            Unusable   N/A       N/A         3
 Summon Ice Beast         Ice/Summ       Unusable   N/A       N/A         3
 Animate Dead             Necr           Unusable   N/A       N/A         4
 Fulminant Prism          Conj/Alch      Unusable   3d5       N/A         4
 Iskenderun's Mystic Bla  Conj/Tloc      Unusable   2d3       N/A         4
 Metabolic Englaciation   Hex/Ice        Unusable   N/A       N/A         5
 Silence                  Hex/Air        Unusable   N/A       N/A         5
 Death Channel            Necr           Unusable   N/A       N/A         6
 Sculpt Simulacrum        Ice/Alch       Unusable   N/A       N/A         6

Dungeon Overview and Level Annotations

Branches:
Dungeon (15/15)            Temple (1/1) D:5            Lair (5/5) D:9
  Swamp (0/4) Lair:2       Spider (2/4) Lair:3        Slime (0/5) Lair:5
    Orc (2/2) D:9             Elf (0/3) Orc:2        Vaults (0/5) D:13
 Depths (0/4) D:15        Ossuary (visited)          Bailey (visited)
Gauntlet (visited)

Altars:
Ashenzari
Cheibriados
Dithmenos
Elyvilon
Gozag
Kikubaaqudgha
Makhleb
Nemelex Xobeh
Okawaru
Qazlal
Ru
Sif Muna
Trog
Uskayaw
Vehumet
Wu Jian
Xom
Zin
The Shining One

Shops:
D:12 :   D:13 [   D:14 ?   Orc:2 [(:**

Annotations:
D:15 1 runed translucent door, Omier's ghost, adept NaHu
Temple 2 transporters
Lair:4 1 runed translucent door, Ozorab's ghost, journeyman NaHs


Innate Abilities, Weirdness & Mutations

You are dopey. (Int -2)
You are hated by all.
You cannot study or cast Conjurations magic.
You cannot study or cast Hexes magic.
You cannot study or cast Ice magic.
Your casting is seriously disrupted.
You cannot voluntarily change form.
Your spellcasting is much less encumbered by armour.
You can use scrolls of enchantment on lesser artefacts.


Message History

The culicivora bites you but does no damage.
You sock the culicivora! You drain the culicivora.
The culicivora is severely wounded.
You block the jumping spider's attack.
The jumping spider bites you but does no damage.
The redback barely misses you.
You closely miss the culicivora.
The culicivora is severely wounded.
You block the jumping spider's attack.
The jumping spider bites you but does no damage.
You redirect the redback's attack!
The redback barely misses the jumping spider.
The culicivora begins to attack, but is stunned by your conviction!
The jumping spider begins to attack, but is stunned by your conviction! x2
The redback barely misses you.
You barely miss the culicivora.
The culicivora is severely wounded.
The culicivora bites you but does no damage.
You block the jumping spider's attack. x2
The redback bites you but does no damage.
The jumping spider leaps!
You block the culicivora's attack.
You sock the culicivora!
You kill the culicivora!
The jumping spider begins to attack, but is stunned by your conviction!
You redirect the redback's attack!
The redback barely misses the jumping spider.
You beat the jumping spider like a drum!!!
You kill the jumping spider!
You block the redback's attack.
You impale the redback!! You drain the redback!
You kill the redback!
The jumping spider leaps!
You see here a redback corpse.
You sock the jumping spider! You drain the jumping spider.
The jumping spider is almost dead.
The jumping spider barely misses you. You block the jumping spider's attack.
You puncture the jumping spider!
You kill the jumping spider!
No target in view!
No target in view!
You see here a jumping spider corpse.
g - a wand of flame (67) (gained 8 charges)
You see here an entropy weaver corpse.
You see here a redback corpse.
A jumping spider comes into view.
The jumping spider's many legs skitter faintly.
The jumping spider leaps!
The jumping spider moves out of view.
The jumping spider leaps!
Unknown command.
The jumping spider begins to attack, but is stunned by your conviction!
You redirect the jumping spider's attack!
You pound the jumping spider like an anvil!!!
You kill the jumping spider!
No target in view!
No target in view!
You see here a jumping spider corpse.
A redback comes into view.
A redback is nearby!
A redback is nearby!
A redback comes into view.
The redback is stunned by your conviction and fails to attack.
You puncture the redback! You drain the redback!
You kill the redback!
A redback comes into view.
You see here a redback corpse.
The redback completely misses you.
The redback bites you but does no damage.
You impale the redback!!
You kill the redback!
You block the redback's attack. x2
You bludgeon the redback!!
The redback is severely wounded.
The redback barely misses you.
You sock the redback!
You kill the redback!
No target in view!
A jumping spider comes into view.
The jumping spider's many legs skitter faintly.
A wolf spider comes into view.
There are monsters nearby!
There are monsters nearby!
An orb spider comes into view.
The wolf spider's many legs skitter.
The orb spider's many legs skitter faintly.
A radroach comes into view.
You bludgeon the jumping spider!! You drain the jumping spider!
You kill the jumping spider!
You barely miss the wolf spider.
The wolf spider is stunned by your conviction and fails to attack.
You bludgeon the wolf spider!! You drain the wolf spider!
The wolf spider is almost dead.
You block the wolf spider's attack. The wolf spider bites you.
You impale the wolf spider!!
You kill the wolf spider!
The radroach bites you but does no damage.
The radroach claws you but does no damage.
You see here a wolf spider corpse.
You barely miss the radroach. You hit the radroach. You drain the radroach.
The radroach is lightly wounded.
The radroach erupts in a fountain of uncontrolled magic!
You are blasted with magical radiation!!
You are very lightly contaminated with residual magic.
You sock the radroach! You drain the radroach.
The radroach is moderately wounded.
The radroach bites you but does no damage.
The radroach claws you but does no damage.
You hit the radroach. You drain the radroach.
The radroach is moderately wounded.
The orb spider spins a strand of pure energy.
The radroach completely misses you.
The radroach claws you but does no damage.
You hit the radroach but do no damage.
The radroach is moderately wounded.
You hit the radroach but do no damage. You drain the radroach.
The radroach is moderately wounded.
The radroach bites you but does no damage.
The radroach claws you but does no damage.
You puncture the radroach! You drain the radroach.
The radroach is severely wounded.
The radroach bites you but does no damage.
You block the radroach's attack.
You barely miss the radroach.
The radroach is severely wounded.
The orb spider weaves a glowing orb of energy.
You block the radroach's attack.
The radroach claws you but does no damage.
An orb of destruction comes into view.
You impale the radroach!!
You kill the radroach!
You block the orb of destruction.
The orb of destruction dissipates.
The orb spider spins a strand of pure energy.
You impale the orb spider!! You drain the orb spider!
You kill the orb spider!
No target in view!
No target in view!
Your magical contamination has completely faded away.
You see here an orb spider corpse.
You see here a radroach corpse.
You see here a wolf spider corpse.
A redback and a jumping spider come into view.
The jumping spider's many legs skitter faintly.
The jumping spider leaps!
A redback comes into view.
There are monsters nearby!
You impale the jumping spider!! You drain the jumping spider.
The jumping spider is severely wounded.
The jumping spider is stunned by your conviction and fails to attack.
A redback comes into view.
You puncture the jumping spider! You drain the jumping spider.
You kill the jumping spider!
You closely miss the redback. The redback closely misses you.
You impale the redback!!
You kill the redback!
You puncture the redback! You drain the redback.
The redback is heavily wounded.
The redback bites you.
You puncture the redback! You drain the redback.
You kill the redback!
You closely miss the redback.
You redirect the redback's attack!
The redback barely misses itself.
You catch the helpless redback completely off-guard!
You hit the redback. You drain the redback.
The redback is moderately wounded.
The redback misses you.
You thump the redback! You drain the redback!
You kill the redback!
No target in view!
You see here a jumping spider corpse.
You see here a redback corpse.
Z - 2 potions of haste (gained 1)
A tarantella comes into view.
The tarantella's many legs skitter faintly.
A tarantella is nearby!
A tarantella is nearby!
You impale the tarantella!!
You kill the tarantella!
No target in view!
No target in view!
You see here a redback corpse.
Found 8 stones.
A jumping spider comes into view.
A jumping spider is nearby!
The jumping spider begins to attack, but is stunned by your conviction!
The jumping spider leaps!
No target in view!
No target in view!
A redback comes into view.
Found 4 gold pieces. 2 jumping spiders come into view.
The jumping spider's many legs skitter faintly.
You hear a faint skittering sound. x2
A jumping spider comes into view.
The jumping spider leaps!
A jumping spider comes into view.
You redirect the redback's attack!
The redback bites the jumping spider but does no damage.
You catch the helpless redback completely off-guard!
You hit the redback.
The redback is lightly wounded.
The jumping spider's many legs skitter faintly.
You redirect the jumping spider's attack!
The jumping spider leaps!
A redback comes into view.
You redirect the jumping spider's attack!
The redback bites you.
You are poisoned.
The redback poisons you!
A tarantella comes into view.
You skewer the redback like a kebab!!!
You kill the redback!
You feel extremely sick.
The jumping spider leaps! x2
A tarantella comes into view.
The jumping spider leaps!
You feel extremely sick.
You redirect the jumping spider's attack!
The jumping spider begins to attack, but is stunned by your conviction!
You feel extremely sick.
The jumping spider leaps!
You feel very sick.
The jumping spider leaps! x2; The jumping spider closely misses you.
The jumping spider bites you but does no damage.
A jumping spider comes into view.
You feel very sick.
The jumping spider begins to attack, but is stunned by your conviction!
The jumping spider leaps!
You feel very sick.
The jumping spider leaps! x2
You feel very sick.
The jumping spider completely misses you.
You block the jumping spider's attack.
You feel sick.
The jumping spider leaps!
The jumping spider pounces on you. You block the jumping spider's attack.
The jumping spider begins to attack, but is stunned by your conviction!
You block the jumping spider's attack.
The jumping spider bites you but does no damage.
You feel sick.
You feel sick.
The jumping spider leaps!
You redirect the jumping spider's attack!
The jumping spider leaps!
You feel sick.
The jumping spider begins to attack, but is stunned by your conviction!
The redback attacks as it pursues you!
The redback bites you but does no damage.
You block the redback's attack.
You puncture the redback! You drain the redback.
The redback is heavily wounded.
The jumping spider leaps!
The redback is stunned by your conviction and fails to attack.
The jumping spider leaps!
You hit the redback. You drain the redback.
The redback is severely wounded.
You feel sick.
The jumping spider leaps!
The redback bites you but does no damage.
You sock the redback!
You kill the redback!
You feel sick.
The jumping spider leaps!
The jumping spider's many legs skitter faintly.
You sock the tarantella! You drain the tarantella.
The tarantella is severely wounded.
You feel sick.
The tarantella touches you but does no damage.
The jumping spider leaps!
The tarantella touches you but does no damage.
You impale the tarantella!!
You kill the tarantella!
You feel sick.
You are no longer poisoned.
The jumping spider leaps!
The jumping spider pounces on you but does no damage.
The jumping spider closely misses you.
You hit the jumping spider. You drain the jumping spider.
The jumping spider is moderately wounded.
The jumping spider leaps! x2
You bludgeon the jumping spider!!
You kill the jumping spider!
You impale the jumping spider!!
The jumping spider is severely wounded.
The jumping spider pounces on you but does no damage.
The jumping spider bites you but does no damage.
The jumping spider leaps! x2
You closely miss the jumping spider.
The jumping spider is severely wounded.
You block the jumping spider's attack.
The jumping spider bites you but does no damage.
The jumping spider leaps!
You redirect the jumping spider's attack!
The jumping spider barely misses you.
The jumping spider bites you but does no damage.
You hit the jumping spider. You drain the jumping spider.
The jumping spider is almost dead.
The jumping spider leaps!
You impale the jumping spider!!
The jumping spider is almost dead.
The jumping spider leaps!
You redirect the jumping spider's attack!
You block the jumping spider's attack. x2
You bludgeon the jumping spider!!
You kill the jumping spider!
You block the jumping spider's attack.
The jumping spider bites you but does no damage.
The jumping spider leaps!
You closely miss the jumping spider.
The jumping spider leaps!
The jumping spider barely misses you. You block the jumping spider's attack.
You thump the jumping spider! You drain the jumping spider.
The jumping spider is heavily wounded.
The jumping spider pounces on you but does no damage.
The jumping spider barely misses you.
The jumping spider leaps!
You block the jumping spider's attack. x2
You sock the jumping spider!
The jumping spider is heavily wounded.
The jumping spider pounces on you but does no damage.
The jumping spider bites you.
The jumping spider is stunned by your conviction and fails to attack.
You closely miss the jumping spider.
The jumping spider is heavily wounded.
The jumping spider pounces on you but does no damage.
You block the jumping spider's attack.
The jumping spider pounces on you but does no damage.
You block the jumping spider's attack.
You redirect the jumping spider's attack!
The jumping spider pounces on itself.
The jumping spider bites itself.
The jumping spider leaps!
You strike the helpless jumping spider from behind!
You impale the jumping spider!!
You kill the jumping spider!
The jumping spider begins to attack, but is stunned by your conviction!
The jumping spider leaps!
The jumping spider barely misses you.
The jumping spider bites you but does no damage.
You block the jumping spider's attack.
The jumping spider bites you but does no damage.
You closely miss the jumping spider.
The jumping spider begins to attack, but is stunned by your conviction!
You block the jumping spider's attack. x2
You puncture the jumping spider! You drain the jumping spider.
The jumping spider is almost dead.
The jumping spider begins to attack, but is stunned by your conviction!
The jumping spider leaps!
You redirect the jumping spider's attack!
The jumping spider barely misses itself.
The jumping spider bites itself.
You catch the helpless jumping spider completely off-guard!
You impale the jumping spider!!
You kill the jumping spider!
The jumping spider leaps!
Things that are here:
a jumping spider corpse; a jumping spider corpse; a tarantella corpse The jumping spider leaps!
You impale the jumping spider!!
You kill the jumping spider!
You block the jumping spider's attack.
The jumping spider bites you but does no damage.
Things that are here:
a jumping spider corpse; a jumping spider corpse; a tarantella corpse You puncture the jumping spider!
The jumping spider is severely wounded.
The jumping spider pounces on you but does no damage.
You block the jumping spider's attack.
You puncture the jumping spider! You drain the jumping spider.
You kill the jumping spider!
You start resting.
HP restored.
Things that are here:
a jumping spider corpse; a jumping spider corpse; a tarantella corpse The tarantella's many legs skitter faintly.
Found a helmet and 24 gold pieces.
The tarantella touches you but does no damage.
You impale the tarantella!! You drain the tarantella!
You kill the tarantella!
No target in view!
You now have 2431 gold pieces (gained 4).
You now have 2455 gold pieces (gained 24).
Found a stone staircase leading down.
A redback comes into view.
There is a stone staircase leading down here.
A redback is nearby!
You hit the redback.
The redback is moderately wounded.
You block the redback's attack.
You impale the redback!!
The redback is almost dead.
A redback comes into view.
The redback closely misses you.
There are monsters nearby!
You bludgeon the redback!!
You kill the redback!
You see here a redback corpse.
You closely miss the redback.
The redback bites you but does no damage.
You puncture the redback!
The redback is moderately wounded.
The redback closely misses you.
You hit the redback. You drain the redback.
The redback is severely wounded.
You block the redback's attack.
You barely miss the redback.
The redback is severely wounded.
You block the redback's attack. x2
You barely miss the redback.
The redback is severely wounded.
The redback is stunned by your conviction and fails to attack.
You impale the redback!!
You kill the redback!
No target in view!
You see here a redback corpse.
You are caught in the web!
There is a web here.
You struggle to detach yourself from the web.
You disentangle yourself.
You see here a redback corpse.
You see here a redback corpse.
You see here 8 stones.
Things that are here:
a jumping spider corpse; a jumping spider corpse
q - a scroll of identify A redback and a pharaoh ant come into view.
The pharaoh ant gives a chilling moan.
A jumping spider comes into view.
A tarantella comes into view.
The jumping spider moves out of view.
There are monsters nearby!
You impale the redback!!
The redback is almost dead.
You hear a faint skittering sound.
The redback bites you but does no damage.
You impale the redback!!
You kill the redback!
You impale the pharaoh ant!!
The pharaoh ant is severely damaged.
The pharaoh ant bites you!
You feel drained.
You puncture the pharaoh ant!
The pharaoh ant is almost destroyed.
The pharaoh ant barely misses you.
You sock the pharaoh ant!
You destroy the pharaoh ant!
The pharaoh ant binds the souls of nearby monsters.
The tarantella touches you but does no damage.
The tarantella closely misses you.
You bludgeon the tarantella!!
The tarantella is severely wounded.
The tarantella touches you but does no damage.
You sock the tarantella!
You kill the tarantella!
A freezing mist starts to gather...
A tarantella simulacrum comes into view.
The tarantella simulacrum hits you but does no damage.
You see here a redback corpse.
You closely miss the tarantella simulacrum.
You block the tarantella simulacrum's attack.
You hit the tarantella simulacrum but do no damage.
The tarantella simulacrum hits you but does no damage.
You barely miss the tarantella simulacrum.
The tarantella simulacrum is stunned by your conviction and fails to attack.
You impale the tarantella simulacrum!!
The tarantella simulacrum vaporises!
No target in view!
No target in view!
A culicivora comes into view.
A culicivora is nearby!
A culicivora is nearby!
The culicivora's many legs skitter faintly.
You block the culicivora's attack. The culicivora closely misses you.
You bludgeon the culicivora!! You drain the culicivora!
The culicivora is severely wounded.
You bludgeon the culicivora!!
You kill the culicivora!
The jumping spider pounces on you but does no damage.
The jumping spider barely misses you.
You barely miss the jumping spider.
The jumping spider leaps!
The jumping spider leaps!
You bludgeon the jumping spider!!
The jumping spider is severely wounded.
You block the jumping spider's attack. The jumping spider closely misses you.
You hit the jumping spider.
The jumping spider is severely wounded.
The jumping spider leaps! x2
No target in view!
No target in view!
No target in view!
No target in view!
No target in view!
No target in view!
No target in view!
No target in view!
No target in view!
A jumping spider is nearby!
The jumping spider pounces on you but does no damage.
The jumping spider bites you.
You bludgeon the jumping spider!!
You kill the jumping spider!
Your life force feels restored.
No target in view!
No target in view!
Done exploring.
Done exploring.
Done exploring.
No target in view!
There is a stone staircase leading down here.
You climb downwards.
The jumping spider's many legs skitter faintly.
There is a stone staircase leading up here.
There are monsters nearby!
The pharaoh ant waves its antennae.
You barely miss the pharaoh ant. You block the jumping spider's attack.
The jumping spider bites you but does no damage.
The pharaoh ant bites you.
You barely miss the pharaoh ant. You block the jumping spider's attack.
The jumping spider misses you. The pharaoh ant bites you.
You impale the pharaoh ant!!
The pharaoh ant is heavily damaged.
The jumping spider leaps!
The pharaoh ant bites you!
You feel drained.
The jumping spider leaps!
You bludgeon the pharaoh ant!!
You destroy the pharaoh ant!
The pharaoh ant binds the souls of nearby monsters.
You block the wolf spider's attack.
The wolf spider bites you but does no damage.
You sock the wolf spider!
The wolf spider is moderately wounded.
The wolf spider closely misses you.
The wolf spider bites you but does no damage.
The redback is stunned by your conviction and fails to attack.
The jumping spider pounces on you but does no damage.
You block the jumping spider's attack.
You impale the wolf spider!!
The wolf spider is severely wounded.
You hear a faint skittering sound.
You block the redback's attack. The wolf spider barely misses you.
The wolf spider closely misses you. You block the jumping spider's attack.
The jumping spider bites you but does no damage.
A jumping spider comes into view.
You hear a faint skittering sound.
You closely miss the wolf spider.
The wolf spider is severely wounded.
The jumping spider closely misses you. You block the jumping spider's attack.
The wolf spider hits you!
The wolf spider bites you but does no damage.
The jumping spider leaps!
You block the redback's attack.
You puncture the wolf spider! You drain the wolf spider.
You kill the wolf spider!
A freezing mist starts to gather...
A wolf spider simulacrum comes into view.
The jumping spider pounces on you but does no damage.
You block the jumping spider's attack. The redback completely misses you.
You sock the redback! You drain the redback.
The redback is severely wounded.
You block the jumping spider's attack. x2
The redback bites you but does no damage.
You block the wolf spider simulacrum's attack.
The wolf spider simulacrum bites you but does no damage.
You bludgeon the redback!!
You kill the redback!
A freezing mist starts to gather...
A redback simulacrum comes into view.
The jumping spider pounces on you.
You are caught in a web!
The jumping spider bites you but does no damage.
The wolf spider simulacrum hits you but does no damage.
The wolf spider simulacrum bites you! The wolf spider simulacrum freezes you.
You resist.
You focus your inner power and blind the wolf spider simulacrum in retribution!
You are caught in a web!
You are caught in a web!
You are caught in a web!
You are caught in a web!
You are caught in a web!
You block the jumping spider's attack. x2
You redirect the jumping spider's attack!
The jumping spider closely misses you.
The jumping spider bites you but does no damage.
A tarantella comes into view.
You redirect the wolf spider simulacrum's attack!
The wolf spider simulacrum hits the jumping spider.
The wolf spider simulacrum freezes the jumping spider!!
The wolf spider simulacrum bites the jumping spider.
The wolf spider simulacrum freezes the jumping spider!!
The jumping spider dies!
A freezing mist starts to gather...
A jumping spider simulacrum comes into view.
You can't go down here!
The jumping spider begins to attack, but is stunned by your conviction!
The redback simulacrum bites you but does no damage.
The wolf spider simulacrum hits you but does no damage.
The wolf spider simulacrum bites you but does no damage.
The jumping spider begins to attack, but is stunned by your conviction!
You climb upwards.
There is a stone staircase leading down here.
You start resting.
HP restored.
There is a stone staircase leading down here.
You climb downwards.
The wolf spider's many legs skitter.
Found 10 gold pieces.
There is a stone staircase leading up here.
The wolf spider hits you but does no damage.
You block the wolf spider's attack.
You hit the wolf spider.
The wolf spider is lightly wounded.
The wolf spider hits you but does no damage.
The wolf spider bites you but does no damage.
You spit the wolf spider like a pig!!! You drain the wolf spider!
You kill the wolf spider!
Your life force feels restored.
No target in view!
No target in view!
HP restored.
Found a stone staircase leading down.
You now have 2465 gold pieces (gained 10).
There is a stone staircase leading down here.
There is a stone staircase leading down here.
Found a pair of gloves.
A jumping spider comes into view.
The jumping spider's many legs skitter faintly.
You hear a faint skittering sound.
You redirect the jumping spider's attack!
A jumping spider comes into view.
The jumping spider leaps!
The jumping spider moves out of view.
You hear a chilling moan.
You block the jumping spider's attack. x2
You puncture the jumping spider! You drain the jumping spider.
The jumping spider is heavily wounded.
You block the jumping spider's attack. x2
You hit the jumping spider but do no damage.
The jumping spider is heavily wounded.
The jumping spider barely misses you. You block the jumping spider's attack.
You puncture the jumping spider! You drain the jumping spider.
The jumping spider is almost dead.
You block the jumping spider's attack. The jumping spider barely misses you.
A pharaoh ant comes into view.
You block the jumping spider's attack.
The jumping spider bites you but does no damage.
You puncture the jumping spider!
You kill the jumping spider!
You puncture the pharaoh ant!
The pharaoh ant is heavily damaged.
You block the pharaoh ant's attack.
You sock the pharaoh ant!
The pharaoh ant is severely damaged.
The pharaoh ant barely misses you.
You barely miss the pharaoh ant.
The pharaoh ant is severely damaged.
You block the pharaoh ant's attack.
The jumping spider begins to attack, but is stunned by your conviction!
You redirect the jumping spider's attack!
The jumping spider pounces on you.
You are caught in a web!
The jumping spider bites you.
The pharaoh ant bites you but does no damage.
You are caught in a web!
You are caught in a web!
You are caught in a web!
The web tears apart.
A redback comes into view.
The jumping spider barely misses you. You block the jumping spider's attack.
You block the pharaoh ant's attack.
You barely miss the pharaoh ant.
The pharaoh ant is severely damaged.
You redirect the jumping spider's attack!
The jumping spider pounces on you! You block the jumping spider's attack.
You block the pharaoh ant's attack.
You puncture the pharaoh ant!
You destroy the pharaoh ant!
The pharaoh ant binds the souls of nearby monsters.
The jumping spider pounces on you but does no damage.
You block the jumping spider's attack.
The jumping spider leaps!
You barely miss the jumping spider.
You block the jumping spider's attack. x2
You closely miss the jumping spider.
The redback bites you but does no damage.
The jumping spider is stunned by your conviction and fails to attack.
You hit the jumping spider.
The jumping spider is moderately wounded.
The redback is stunned by your conviction and fails to attack.
The jumping spider closely misses you. You block the jumping spider's attack.
You bludgeon the jumping spider!! You drain the jumping spider.
You kill the jumping spider!
A freezing mist starts to gather...
A jumping spider simulacrum comes into view.
You block the redback's attack.
You pound the redback like an anvil!!!
You kill the redback!
A freezing mist starts to gather...
A redback simulacrum comes into view.
You impale the redback simulacrum!!
The redback simulacrum is almost destroyed.
The redback simulacrum barely misses you.
You barely miss the redback simulacrum.
The redback simulacrum is almost destroyed.
You block the redback simulacrum's attack.
You block the jumping spider simulacrum's attack.
The jumping spider simulacrum bites you.
The jumping spider simulacrum freezes you!
You resist.
You bludgeon the redback simulacrum!!
The redback simulacrum vaporises!
You block the jumping spider simulacrum's attack. x2
You bludgeon the jumping spider simulacrum!!
The jumping spider simulacrum is almost destroyed.
You block the jumping spider simulacrum's attack.
The jumping spider simulacrum bites you but does no damage.
You hit the jumping spider simulacrum.
The jumping spider simulacrum vaporises!
No target in view!
No target in view!
No target in view!
No target in view!
No target in view!
No target in view!
No target in view!
No target in view!
No target in view!
A culicivora comes into view.
The culicivora's many legs skitter faintly.
The culicivora moves out of view.
A redback comes into view.
A redback is nearby!
A redback is nearby!
A culicivora comes into view.
The culicivora's many legs skitter faintly.
The redback barely misses you.
You impale the culicivora!! You drain the culicivora!
You kill the culicivora!
You block the redback's attack.
The culicivora begins to attack, but is stunned by your conviction!
You closely miss the redback. You block the redback's attack. x2
You completely miss the redback.
The redback bites you but does no damage.
You redirect the culicivora's attack!
You sock the redback! You drain the redback.
The redback is heavily wounded.
You block the redback's attack.
The culicivora begins to attack, but is stunned by your conviction!
You beat the redback like a drum!!!
You kill the redback!
You barely miss the culicivora.
The culicivora is stunned by your conviction and fails to attack.
You puncture the culicivora!
The culicivora is moderately wounded.
You block the culicivora's attack.
You puncture the culicivora! You drain the culicivora.
The culicivora is severely wounded.
The culicivora is stunned by your conviction and fails to attack.
You block the culicivora's attack.
You sock the culicivora!
You kill the culicivora!
No target in view!
You see here a culicivora corpse.
Found 6 stones.
Found a stone staircase leading down.
A jumping spider comes into view.
The jumping spider's many legs skitter faintly.
You hear a faint skittering sound.
A jumping spider comes into view.
You hear a faint skittering sound.
A tarantella and a culicivora come into view.
The tarantella's many legs skitter faintly.
The culicivora's many legs skitter faintly.
The jumping spider leaps!
A tarantella comes into view.
The jumping spider begins to attack, but is stunned by your conviction!
A tarantella comes into view.
The tarantella's many legs skitter faintly.
The jumping spider barely misses you. You block the jumping spider's attack.
The jumping spider leaps!
The jumping spider pounces on you but does no damage.
The jumping spider bites you but does no damage.
The jumping spider barely misses you.
The jumping spider bites you but does no damage.
The culicivora bites you but does no damage.
You bludgeon the culicivora!!
The culicivora is almost dead.
You block the jumping spider's attack.
The jumping spider bites you but does no damage.
The culicivora is stunned by your conviction and fails to attack.
The jumping spider pounces on you but does no damage.
You block the jumping spider's attack.
The tarantella is stunned by your conviction and fails to attack.
You bludgeon the culicivora!!
You kill the culicivora!
The jumping spider is stunned by your conviction and fails to attack.
You block the tarantella's attack.
You bludgeon the jumping spider!!
You kill the jumping spider!
You block the jumping spider's attack.
The jumping spider bites you but does no damage.
The tarantella closely misses you. The tarantella touches you!
You are afflicted by dizzying energies!
You are confused.
You are too confused!
You are too confused!
You are too confused!
You are too confused!
You are too confused!
You bludgeon the tarantella!!
The tarantella is almost dead.
The jumping spider barely misses you. x2; The tarantella touches you. x2
The tarantella touches you but does no damage.
The jumping spider is stunned by your conviction and fails to attack.
The tarantella attacks as it pursues you!
The tarantella touches you but does no damage.
The jumping spider pounces on you but does no damage.
The jumping spider barely misses you.
You closely miss the jumping spider. The tarantella closely misses you.
The tarantella touches you but does no damage.
The jumping spider misses you. The jumping spider closely misses you.
The tarantella touches you but does no damage. x2
The jumping spider leaps!
You're too confused to move!
The tarantella touches you but does no damage.
The tarantella touches you!
You are afflicted by dizzying energies!
You are more confused.
The tarantella touches you but does no damage. x3
You completely miss the tarantella.
The tarantella is almost dead.
The tarantella touches you but does no damage.
The jumping spider begins to attack, but is stunned by your conviction!
The tarantella touches you.
You are afflicted by dizzying energies!
You are more confused.
The tarantella touches you.
You are afflicted by dizzying energies!
You are more confused.
You closely miss the tarantella.
The tarantella touches you but does no damage.
The jumping spider leaps!
The tarantella touches you.
You are afflicted by dizzying energies!
You are more confused.
The tarantella is stunned by your conviction and fails to attack.
You completely miss the tarantella.
The tarantella is almost dead.
The tarantella misses you. The tarantella touches you.
The tarantella barely misses you.
You bludgeon the tarantella!! You drain the tarantella.
You kill the tarantella!
You hear a hideous shriek!
The tarantella closely misses you.
The tarantella touches you but does no damage.
A demonic crawler comes into view.
The tarantella touches you but does no damage.
The jumping spider pounces on you but does no damage.
The jumping spider bites you but does no damage.
The tarantella is stunned by your conviction and fails to attack.
The tarantella touches you but does no damage.
The jumping spider begins to attack, but is stunned by your conviction!
You see here a tarantella corpse.
You puncture the tarantella!
You kill the tarantella!
The tarantella barely misses you. The tarantella touches you!
You are afflicted by dizzying energies!
You are more confused.
The jumping spider pounces on you! The jumping spider closely misses you.
The tarantella closely misses you.
You hit the tarantella.
The tarantella is lightly wounded.
The tarantella touches you but does no damage.
The jumping spider pounces on you but does no damage.
The jumping spider barely misses you.
You barely miss the tarantella. The tarantella touches you.
You are afflicted by dizzying energies!
You are more confused.
You redirect the jumping spider's attack! x2
The jumping spider pounces on itself!
The jumping spider closely misses itself.
The demonic crawler hits you but does no damage. x3
The tarantella attacks as it pursues you!
The tarantella touches you but does no damage.
The demonic crawler is stunned by your conviction and fails to attack.
The tarantella touches you but does no damage.
The jumping spider begins to attack, but is stunned by your conviction!
The demonic crawler hits you but does no damage. x2
The demonic crawler hits you.
You miss the tarantella.
The tarantella touches you but does no damage.
The jumping spider leaps!
The demonic crawler hits you but does no damage.
The demonic crawler barely misses you.
The demonic crawler hits you but does no damage.
The demonic crawler is stunned by your conviction and fails to attack.
The tarantella touches you.
You bludgeon the tarantella!!
The tarantella is severely wounded.
The demonic crawler hits you but does no damage. x3
The tarantella closely misses you.
You redirect the jumping spider's attack!
The demonic crawler hits you but does no damage. x3
The tarantella touches you.
You redirect the jumping spider's attack!
The tarantella barely misses you.
You puncture the demonic crawler!
The demonic crawler is moderately wounded.
The demonic crawler hits you but does no damage. x3
The tarantella barely misses you.
You miss the tarantella.
The tarantella is severely wounded.
The demonic crawler hits you but does no damage.
The demonic crawler hits you.
You focus your inner power and blind the demonic crawler in retribution!
The demonic crawler closely misses you. The tarantella barely misses you.
The jumping spider leaps!
The demonic crawler barely misses you.
The demonic crawler hits you but does no damage.
The demonic crawler barely misses you.
You miss the tarantella.
The tarantella is severely wounded.
The tarantella touches you but does no damage.
You redirect the jumping spider's attack!
The jumping spider pounces on you but does no damage.
The jumping spider bites you but does no damage.
The demonic crawler barely misses you. The demonic crawler closely misses you.
The demonic crawler barely misses you. The tarantella barely misses you.
The jumping spider attacks as it pursues you!
The jumping spider pounces on you but does no damage.
The jumping spider bites you. The tarantella touches you.
* * * LOW HITPOINT WARNING * * *
The jumping spider pounces on you!
* * * LOW HITPOINT WARNING * * *
The jumping spider bites you.
* * * LOW HITPOINT WARNING * * *
The tarantella attacks as it pursues you!
The tarantella touches you but does no damage.
The jumping spider pounces on you!
* * * LOW HITPOINT WARNING * * *
The jumping spider bites you but does no damage.
You're too confused to move!
The tarantella touches you but does no damage.
The jumping spider barely misses you.
The jumping spider bites you but does no damage.
The tarantella barely misses you.
You redirect the jumping spider's attack!
The jumping spider barely misses itself.
The jumping spider bites itself.
The demonic crawler barely misses you.
The demonic crawler hits you but does no damage. x2
The tarantella misses you.
The demonic crawler is stunned by your conviction and fails to attack.
You redirect the jumping spider's attack!
The demonic crawler hits you but does no damage. x3
You're too confused to move!
The demonic crawler completely misses you.
The demonic crawler barely misses you.
The demonic crawler hits you but does no damage.
The tarantella touches you but does no damage.
The jumping spider barely misses you.
The jumping spider bites you but does no damage.
You skewer the jumping spider like a kebab!!!
You kill the jumping spider!
The tarantella barely misses you.
The demonic crawler hits you but does no damage.
The demonic crawler barely misses you. The demonic crawler misses you.
The tarantella touches you!
* * * LOW HITPOINT WARNING * * *
You are afflicted by dizzying energies!
You are more confused.
You focus your inner power and slow the tarantella in retribution!
The tarantella attacks as it pursues you!
The tarantella touches you.
* * * LOW HITPOINT WARNING * * *
The demonic crawler is no longer blind.
The tarantella touches you but does no damage.
You barely miss the tarantella.
The tarantella is heavily wounded.
The demonic crawler hits you but does no damage. x3
The tarantella is stunned by your conviction and fails to attack.
You impale the tarantella!!
You kill the tarantella!
The demonic crawler hits you.
* * * LOW HITPOINT WARNING * * *
The demonic crawler barely misses you.
The demonic crawler hits you but does no damage.
The demonic crawler hits you but does no damage. x3
The demonic crawler hits you but does no damage.
The demonic crawler barely misses you.
The demonic crawler hits you but does no damage.
The demonic crawler hits you.
* * * LOW HITPOINT WARNING * * *
The demonic crawler hits you but does no damage.
The demonic crawler closely misses you.
The demonic crawler attacks as it pursues you!
The demonic crawler hits you but does no damage. x4
The demonic crawler hits you.
* * * LOW HITPOINT WARNING * * *
The demonic crawler hits you but does no damage.
The demonic crawler barely misses you.
The demonic crawler hits you but does no damage. x2
You're too confused to move!
The demonic crawler closely misses you. The demonic crawler hits you.
* * * LOW HITPOINT WARNING * * *
The demonic crawler hits you but does no damage.
The demonic crawler is stunned by your conviction and fails to attack.
You bump into the rock wall.
The demonic crawler barely misses you.
The demonic crawler hits you but does no damage. x2
You bludgeon the demonic crawler!!
The demonic crawler is heavily wounded.
The demonic crawler misses you. The demonic crawler hits you!
* * * LOW HITPOINT WARNING * * *
The demonic crawler hits you but does no damage.
You bludgeon the demonic crawler!!
The demonic crawler is almost dead.
The demonic crawler hits you!
* * * LOW HITPOINT WARNING * * *
You focus your inner power and blind the demonic crawler in retribution!
The demonic crawler hits you!
You die...
Ru respects your ultimate sacrifice.

####.##.##>.......#
.##†....###.......##
#........###.......#
####......^###.....##
##......# ###....#
##......# #...##
#^#^....###.#######
.#..#...##..##....#.######
. #..###...@s.....#.......
.. ##..........#.......
..............#^......
..#........†..........
...........†.†.........
....#......†...........
.#..............#....
##.............# ...
#.............# ^#


You could see a demonic crawler (blind, unable to see you).

Vanquished Creatures
  Rupert (D:13)
  An orc warlord (Orc:1)
  Nessos (D:14)
  A minotaur (Gauntlet)
  An ettin (D:13)
  2 fire dragons (D:15)
  An entropy weaver (Spider:1)
  8 hydras
  Harold (D:9)
  4 centaur warriors
  An ice dragon (D:15)
  2 radroaches (Spider:1)
  2 two-headed ogres (D:11)
  6 boulder beetles
  A death knight (D:14)
  3 orc high priests
  9 death yaks
  A tengu warrior (D:13)
  A demonic crawler (Spider:1)
  Urug (Lair:5)
  4 pharaoh ants
  4 skeletal warriors
  A deep troll (D:13)
  An obsidian statue (Gauntlet)
  2 orb spiders
  6 orc knights
  A steelbarb worm (Spider:1)
  3 orc sorcerers
  6 wolf spiders
  A sphinx simulacrum (D:15)
  3 deep elf pyromancers
  10 ugly things
  A moth of wrath (Spider:1)
  8 cyclopes
  4 kobold blastminers
  4 black mambas
  8 elephants
  A molten gargoyle (D:14)
  6 cane toads
  A freezing wraith (D:14)
  An unseen horror (D:11)
  12 komodo dragons
  2 kobold demonologists
  A tengu conjurer (D:14)
  9 hornets
  6 polar bears
  8 trolls
  14 blink frogs
  8 tarantellas
  A dream sheep (Lair:5)
  10 slime creatures
  17 jumping spiders
  10 spriggans (Lair:5)
  29 yaks
  7 culicivoras
  3 wyverns
  17 redbacks
  A warg (D:9)
  4 basilisks
  A golden eye (D:9)
  Menkaure (D:4)
  A steam dragon (D:6)
  6 vampire mosquitoes (D:11)
  10 water moccasins
  3 acid dragons
  29 orc warriors
  A meliai simulacrum (Gauntlet)
  A swamp drake (D:9)
  3 black bears
  4 laughing skulls
  2 ice beasts
  A sky beast (D:8)
  6 ogres
  4 boggarts (Lair:5)
  6 centaurs
  25 wolves
  2 phantoms
  4 kobold brigands
  10 bullfrogs
  2 weeping skulls (Ossuary)
  4 scorpions
  2 gnoll sergeants (D:9)
  15 wights
  42 killer bees
  A howler monkey (D:8)
  3 bombardier beetles
  5 jellies
  A human zombie (Ossuary)
  16 orc priests
  5 hounds
  An iguana (D:5)
  A sleepcap (D:8)
  26 orc wizards
  Ijyb (D:4)
  3 mummies (Ossuary)
  Robin (D:4)
  13 gnolls
  4 adders
  3 shadow imps
  2 white imps
  4 ufetubi
  2 ribbon worms (D:2)
  2 dart slugs
  58 orcs
  4 bats
  11 endoplasms
  6 giant cockroaches
  A gnoll zombie (Ossuary)
  14 goblins
  10 hobgoblins
  6 jackals
  4 quokkas
  9 ball pythons
  2 frilled lizards
  39 kobolds
  4 kobold zombies (Ossuary)
  2 orc zombies (Ossuary)
  5 rats
737 creatures vanquished.

Vanquished Creatures (others)
  2 centaur warriors
  An orc sorcerer (Orc:2)
  A kobold blastminer (Orc:1)
  A cane toad (Lair:4)
  A komodo dragon (D:11)
  A jumping spider (Spider:2)
  An orc warrior (Orc:2)
  An orc (Orc:1)
9 creatures vanquished.

Grand Total: 746 creatures vanquished

Notes
Turn   | Place    | Note
-------+----------+-------------------------------------------
     0 | D:1      | sleeves the Mountain Dwarf Fighter began the quest for the
                  | Orb.
     0 | D:1      | Reached XP level 1. HP: 19/19 MP: 1/1
    81 | D:1      | Reached skill level 3 in Maces & Flails
   129 | D:1      | Reached XP level 2. HP: 23/26 MP: 2/2
   283 | D:1      | Reached skill level 4 in Maces & Flails
   329 | D:1      | Reached XP level 3. HP: 31/31 MP: 3/3
   472 | D:2      | Found a snail-covered altar of Cheibriados.
   627 | D:2      | Found a faded altar of an unknown god.
   757 | D:1      | Reached skill level 5 in Maces & Flails
  1034 | D:1      | Reached XP level 4. HP: 37/38 MP: 4/4
  2030 | D:2      | Reached skill level 6 in Maces & Flails
  2635 | D:3      | You fall into a shaft and drop 2 floors!
  2635 | D:5      | Entered Level 5 of the Dungeon
  2636 | D:5      | Found a staircase to the Ecumenical Temple.
  2637 | D:5      | Noticed an ogre
  2665 | D:5      | Noticed a scorpion
  2763 | D:6      | Reached XP level 5. HP: 37/45 MP: 5/5
  2860 | D:6      | Reached skill level 7 in Maces & Flails
  2958 | D:5      | Noticed an ice beast
  3005 | Temple   | Found a transporter.
  3005 | Temple   | Found a transporter.
  3005 | Temple   | Found a transporter.
  3005 | Temple   | Found a transporter.
  3005 | Temple   | Entered the Ecumenical Temple
  3022 | Temple   | Became a worshipper of Ru the Awakened
  3079 | D:5      | Reached skill level 4 in Armour
  3079 | D:5      | Reached XP level 6. HP: 51/51 MP: 6/6
  3096 | D:5      | Reached skill level 4 in Shields
  3106 | D:4      | Noticed a hornet
  3263 | D:5      | HP: 22/51 [shadow imp (5)]
  3282 | D:4      | Found a sand-covered staircase.
  3312 | Ossuary  | Entered an ossuary
  3484 | Ossuary  | Reached skill level 5 in Armour
  3673 | Ossuary  | Reached skill level 8 in Maces & Flails
  3673 | Ossuary  | Reached XP level 7. HP: 50/57 MP: 7/7
  4225 | D:4      | Noticed Menkaure
  4413 | D:4      | Paralysed by a hornet for 1 turns
  4415 | D:4      | Killed a hornet
  4416 | D:4      | Reached skill level 9 in Maces & Flails
  4519 | D:5      | HP: 28/57 [poisoned by a scorpion]
  4524 | D:5      | HP: 24/57 [poisoned by a scorpion]
  4950 | D:5      | Reached skill level 10 in Maces & Flails
  4994 | D:5      | Reached XP level 8. HP: 59/63 MP: 8/8
  5160 | D:5      | HP: 30/63 [burnt (4)]
  5162 | D:5      | Reached skill level 11 in Maces & Flails
  5165 | D:5      | HP: 15/63 [burnt (3)]
  5167 | D:5      | HP: 6/63 [burnt (4)]
  5209 | D:5      | HP: 9/63 [scorpion (6)]
  5213 | D:6      | HP: 4/63 [poisoned by a scorpion]
  5216 | D:6      | HP: 1/63 [poisoned by a scorpion]
  5504 | D:6      | HP: 29/63 [water moccasin (3)]
  5509 | D:6      | HP: 13/63 [poisoned by a water moccasin]
  5514 | D:6      | HP: 7/63 [water moccasin (2)]
  5520 | D:5      | HP: 3/63 [poisoned by a water moccasin]
  5754 | D:5      | HP: 31/63 [orc priest/divine providence (16)]
  5903 | D:5      | HP: 28/63 [acid (5)]
  5905 | D:5      | HP: 11/63 [acid (5)]
  6242 | D:5      | Reached skill level 12 in Maces & Flails
  6469 | D:6      | HP: 22/66 [ogre/+0 giant spiked club (19)]
  6472 | D:6      | Reached skill level 4 in Fighting
  6662 | D:7      | HP: 29/66 [acid (7)]
  6835 | D:7      | Reached skill level 6 in Armour
  6953 | D:7      | Found a flagged portal.
  6962 | Bailey   | Entered a bailey
  6995 | Bailey   | Noticed an orc warlord
  7085 | Bailey   | Reached skill level 5 in Fighting
  7095 | Bailey   | Reached XP level 9. HP: 69/74 MP: 9/9
  7279 | Bailey   | Found a runed translucent gate.
  7335 | Bailey   | Found a runed translucent gate.
  7336 | Bailey   | Found a runed translucent gate.
  7649 | D:7      | Noticed a troll
  7946 | D:6      | HP: 33/75 [steam dragon/ball of steam (8)]
  7964 | D:6      | HP: 33/75 [hound (2)]
  7969 | D:6      | HP: 33/75 [hound (1)]
  7974 | D:5      | HP: 29/75 [hound (3)]
  7977 | D:5      | Reached skill level 7 in Armour
  8173 | D:6      | Reached skill level 6 in Fighting
  8174 | D:6      | Gained mutation: You are dopey. (Int -2) [Ru sacrifice]
  8380 | D:6      | HP: 34/75 [steam dragon (5)]
  8607 | D:6      | HP: 36/77 [water moccasin (3)]
  8612 | D:6      | HP: 33/78 [poisoned by a water moccasin]
  8984 | D:8      | Noticed a troll
  9902 | D:8      | Reached skill level 7 in Fighting
  9902 | D:8      | Reached skill level 8 in Armour
 10020 | D:8      | Found an iron altar of Okawaru.
 10464 | D:9      | Noticed a kobold demonologist
 10477 | D:8      | Gained mutation: Your casting is slightly disrupted. [Ru
                  | sacrifice]
 11203 | D:7      | HP: 29/79 [orc warrior/+0 dire flail (16)]
 11572 | D:6      | Killed a troll
 11573 | D:6      | Reached skill level 8 in Fighting
 11717 | D:4      | Killed Menkaure
 11718 | D:4      | Reached skill level 9 in Armour
 11831 | D:4      | Noticed Ijyb
 11857 | D:4      | Killed Ijyb
 11863 | D:4      | Reached XP level 10. HP: 66/88 MP: 10/10
 11931 | D:4      | Identified the +4 sling "Yroxkac" {freeze, rN+++ Str-4
                  | Dex+3 Stlth+}
 11989 | D:4      | Noticed Robin
 12032 | D:4      | Killed Robin
 12527 | D:6      | HP: 30/85 [wight/+0 heavy battleaxe (16)]
 13080 | D:9      | HP: 39/88 [vampire (9)]
 13086 | D:8      | HP: 41/88 [something (5)]
 13091 | D:8      | HP: 31/88 [something (11)]
 13096 | D:8      | HP: 32/88 [something (2)]
 13098 | D:8      | HP: 14/88 [something (7)]
 13642 | D:9      | Found a staircase to the Orcish Mines.
 13680 | D:9      | Reached skill level 9 in Fighting
 13733 | D:9      | Found a white marble altar of Elyvilon.
 13734 | D:9      | Found a basalt altar of Yredelemnul.
 13785 | D:9      | Found a sparkling altar of Nemelex Xobeh.
 13840 | D:9      | Gained mutation: You are hated by all. [Ru sacrifice]
 13840 | D:9      | Reached * piety under Ru
 13840 | D:9      | Reached ** piety under Ru
 13963 | D:9      | Reached skill level 10 in Armour
 14004 | D:9      | Noticed Harold
 14052 | D:9      | Killed Harold
 14362 | D:9      | Found a shimmering blue altar of Sif Muna.
 14398 | D:9      | Reached skill level 10 in Fighting
 14569 | D:9      | Reached skill level 5 in Shields
 14724 | D:9      | Reached skill level 6 in Shields
 14773 | D:9      | Found a staircase to the Lair.
 14804 | D:9      | HP: 43/93 [komodo dragon (24)]
 15053 | D:10     | Entered Level 10 of the Dungeon
 15095 | D:9      | Found a burning altar of Makhleb.
 15095 | D:9      | Found a hide-covered altar of Uskayaw.
 15164 | D:10     | Reached skill level 7 in Shields
 15180 | D:10     | Reached XP level 11. HP: 82/99 MP: 11/11
 15663 | D:10     | Reached skill level 8 in Shields
 15683 | D:10     | Gained mutation: You cannot study or cast Ice magic. [Ru
                  | sacrifice]
 15683 | D:10     | Gained mutation: You cannot study or cast Hexes magic. [Ru
                  | sacrifice]
 15683 | D:10     | Gained mutation: You cannot study or cast Conjurations
                  | magic. [Ru sacrifice]
 15683 | D:10     | Reached *** piety under Ru
 15997 | D:11     | Noticed a two-headed ogre
 16542 | D:11     | Noticed a two-headed ogre
 16678 | D:11     | Noticed a boulder beetle
 16796 | D:11     | HP: 41/99 [boulder beetle (17)]
 16806 | D:11     | Killed a boulder beetle
 17004 | D:11     | Reached skill level 9 in Shields
 17610 | D:11     | Reached skill level 13 in Maces & Flails
 17725 | D:11     | Killed a two-headed ogre
 17806 | D:11     | Noticed a sixfirhy
 17824 | D:11     | HP: 38/99 [acid dragon/splash of acid (13)]
 17830 | D:11     | HP: 23/99 [vampire mosquito (2)]
 17835 | D:11     | HP: 11/99 [kobold brigand/+0 dagger (3)]
 17840 | D:11     | HP: 29/99 [vampire mosquito (5)]
 17842 | D:11     | Reached skill level 10 in Shields
 18197 | D:12     | Found a portal to a secret trove of treasure.
 18209 | D:12     | Noticed a boulder beetle
 18275 | D:12     | Noticed a two-headed ogre
 18313 | D:11     | Killed a two-headed ogre
 18846 | D:11     | Killed a boulder beetle
 18847 | D:11     | Reached skill level 14 in Maces & Flails
 19214 | D:12     | Found Anokuyhu's Vocational Training.
 19511 | D:12     | Reached skill level 11 in Shields
 19511 | D:12     | Reached XP level 12. HP: 60/106 MP: 12/12
 19715 | D:13     | Noticed a tengu warrior
 19842 | D:13     | Noticed a centaur warrior
 19927 | D:13     | Noticed a centaur warrior
 19955 | D:13     | Noticed a boulder beetle
 19955 | D:13     | Killed a centaur warrior
 20058 | D:12     | Killed a boulder beetle
 20155 | D:13     | Killed a centaur warrior
 20162 | D:13     | HP: 52/106 [cyclops (4)]
 20357 | D:13     | Killed a tengu warrior
 20596 | Orc:1    | Entered Level 1 of the Orcish Mines
 20667 | D:8      | HP: 49/106 [troll (10)]
 20881 | D:9      | Reached skill level 15 in Maces & Flails
 21084 | Lair:1   | Entered Level 1 of the Lair of Beasts
 21116 | Lair:1   | Reached skill level 12 in Shields
 21180 | Lair:1   | Found a gate leading to a gauntlet.
 21203 | Gauntlet | Entered a Gauntlet
 21203 | Gauntlet | Found a transporter.
 21248 | Gauntlet | Found a transporter.
 21262 | Gauntlet | Found a transporter.
 21267 | Gauntlet | Found a transporter.
 21284 | Gauntlet | Found a transporter.
 21302 | Gauntlet | Found a transporter.
 21314 | Gauntlet | Found a transporter.
 21317 | Gauntlet | Noticed a dire elephant
 21317 | Gauntlet | Noticed a minotaur
 21326 | Gauntlet | Found a transporter.
 21335 | Gauntlet | Found a transporter.
 21342 | Gauntlet | Noticed a ghost crab
 21350 | Gauntlet | Found a transporter.
 21367 | Gauntlet | Found a transporter.
 21385 | Gauntlet | Found a transporter.
 21387 | Gauntlet | Found a transporter.
 21416 | Gauntlet | Found a transporter.
 21416 | Gauntlet | Found a transporter.
 21436 | Gauntlet | Found a transporter.
 21438 | Gauntlet | Found a transporter.
 21516 | Gauntlet | Found a transporter.
 21690 | Gauntlet | Identified the ring of Waciba {MP+9 Int+4}
 21796 | Gauntlet | Identified the +11 morningstar "Ohiud" {drain, rPois rCorr
                  | Dex+3}
 21843 | Gauntlet | HP: 47/101 [minotaur/+3 dagger of venom (11)]
 21845 | Gauntlet | Killed a minotaur
 21848 | Gauntlet | HP: 37/106 [poisoned by a minotaur]
 22060 | Gauntlet | Identified the +2 robe of Weightlessness {Str+3 Int+8 Dex-2
                  | Stlth-}
 22064 | Gauntlet | Identified the +1 hat "Daatocob" {rC+}
 22064 | Gauntlet | Identified the +2 shortbow "Dadailiura" {speed, rElec MP+9
                  | Str+3 Dex+2}
 22068 | Gauntlet | Got the Compendium of Black Rituals
 22197 | Lair:1   | Reached skill level 1 in Evocations
 22209 | Lair:1   | Reached skill level 11 in Armour
 22217 | Lair:1   | Reached skill level 2 in Evocations
 22222 | Lair:1   | Reached skill level 16 in Maces & Flails
 22223 | Lair:1   | Gained mutation: Your casting is disrupted. [Ru sacrifice]
 22223 | Lair:1   | Reached **** piety under Ru
 22246 | Lair:1   | Noticed a boulder beetle
 22263 | Lair:1   | Killed a boulder beetle
 22264 | Lair:1   | Reached skill level 3 in Evocations
 22542 | Lair:1   | Noticed a death yak
 22544 | Lair:1   | Noticed a death yak
 22548 | Lair:1   | Noticed a death yak
 22549 | Lair:1   | Noticed a death yak
 22549 | Lair:1   | Noticed a death yak
 22583 | Lair:1   | Killed a death yak
 22584 | Lair:1   | Reached skill level 4 in Evocations
 22585 | Lair:1   | Killed a death yak
 22590 | Lair:1   | Killed a death yak
 22600 | Lair:1   | Killed a death yak
 22601 | Lair:1   | Reached skill level 5 in Evocations
 22627 | Lair:1   | Killed a death yak
 22628 | Lair:1   | Reached skill level 12 in Armour
 22628 | Lair:1   | Reached XP level 13. HP: 58/113 MP: 13/13
 23409 | Lair:2   | You fall into a shaft and drop 2 floors!
 23564 | Lair:4   | Reached skill level 6 in Evocations
 23987 | Lair:3   | Reached skill level 7 in Evocations
 23998 | Lair:3   | HP: 47/113 [yak (12)]
 24011 | Lair:3   | Gained mutation: You cannot voluntarily change form. [Ru
                  | sacrifice]
 24167 | Lair:3   | Reached skill level 13 in Armour
 24297 | Lair:2   | Found a staircase to the Swamp.
 25092 | Lair:3   | Reached skill level 8 in Evocations
 25202 | Lair:3   | Found a hole to the Spider Nest.
 26203 | Lair:4   | Found a runed translucent door.
 26205 | Lair:4   | Noticed Ozorab's ghost (journeyman NaHs)
 26207 | Lair:4   | Identified the +1 spear of Nightmares {freeze, Dex+3}
 26313 | Lair:4   | Found a shimmering altar of Xom.
 26345 | Lair:4   | Reached skill level 9 in Evocations
 26368 | Lair:4   | Reached skill level 14 in Armour
 27115 | Lair:5   | Entered Level 5 of the Lair of Beasts
 27320 | Lair:5   | Noticed Urug
 27324 | Lair:5   | Found a staircase to the Slime Pits.
 27340 | Lair:5   | Killed Urug
 27619 | Lair:5   | Reached skill level 10 in Evocations
 27674 | Lair:5   | Reached XP level 14. HP: 72/121 MP: 14/14
 28160 | Lair:5   | Reached skill level 15 in Armour
 28181 | Lair:5   | Reached skill level 1 in Dodging
 28623 | Lair:5   | Reached skill level 2 in Dodging
 29721 | Orc:2    | Entered Level 2 of the Orcish Mines
 29746 | Orc:1    | HP: 61/122 [orc knight/+0 glaive (6)]
 29899 | Orc:1    | Gained mutation: Your casting is seriously disrupted. [Ru
                  | sacrifice]
 29899 | Orc:1    | Reached ***** piety under Ru
 29913 | Orc:2    | Noticed an orc warlord
 29921 | Orc:1    | Reached skill level 11 in Fighting
 29921 | Orc:1    | Reached skill level 3 in Dodging
 30008 | Orc:2    | Found Agiygres's Book Shoppe.
 30019 | Orc:1    | Killed an orc warlord
 30533 | Orc:2    | Found Vifaabih's General Store.
 30627 | Orc:2    | Found Cuumank's Specific Store.
 30630 | Orc:2    | Found Baleib's General Store.
 30650 | Orc:2    | Found Rikloli's Antique Weapon Shoppe.
 30678 | Orc:2    | HP: 60/122 [kobold blastminer/iron shot (12)]
 30907 | Orc:2    | Found Relum's Antique Armour Shop.
 30913 | Orc:2    | Found a staircase to the Elven Halls.
 31362 | D:13     | Reached skill level 16 in Armour
 31419 | D:13     | Found a glowing golden altar of the Shining One.
 31420 | D:13     | Noticed Rupert
 31436 | D:13     | Killed Rupert
 31437 | D:13     | Reached skill level 4 in Dodging
 31499 | D:13     | Found Hedidofo's Armour Emporium.
 32070 | D:13     | Found a gate to the Vaults.
 32123 | D:13     | Acquired 532 gold pieces
 32367 | D:13     | Reached skill level 12 in Fighting
 32502 | D:14     | Found Memmotem's Magic Scroll Shop.
 32511 | D:14     | Reached XP level 15. HP: 123/132 MP: 15/15
 32537 | D:14     | Bought 3 scrolls of teleportation for 99 gold pieces
 32537 | D:14     | Bought a scroll of teleportation for 33 gold pieces
 32537 | D:14     | Bought a scroll of revelation for 82 gold pieces
 32596 | D:14     | Found the +3 robe of Clouds {*Thunder rCloud rElec}
 32915 | D:14     | Reached skill level 5 in Dodging
 33023 | D:14     | Noticed Nessos
 33035 | D:14     | Killed Nessos
 33194 | D:15     | Entered Level 15 of the Dungeon
 33729 | D:15     | HP: 51/113 [sphinx simulacrum (16)]
 34151 | D:15     | Found a staircase to the Depths.
 34355 | D:15     | Found a runed translucent door.
 34355 | D:15     | Noticed Omier's ghost (adept NaHu)
 34417 | D:15     | Reached skill level 13 in Fighting
 34435 | D:15     | Reached skill level 17 in Armour
 34711 | D:12     | You paid a toll of +2 ice dragon scales to enter a treasure
                  | trove
 34712 | Trove    | Entered a treasure trove
 34724 | Trove    | Identified the +7 great mace of the Fulmar {venom, Str+3}
 34751 | Trove    | Identified the +2 great mace of the Asp {freeze, +Blink
                  | rElec rPois Str-3}
 34971 | Spider:1 | Entered Level 1 of the Spider Nest
 34996 | Lair:3   | Reached skill level 6 in Dodging
 36647 | Spider:2 | HP: 67/137 [tarantella (5)]
 36654 | Spider:2 | HP: 40/137 [tarantella (12)]
 36662 | Spider:2 | HP: 35/137 [demonic crawler (4)]
 36669 | Spider:2 | HP: 18/137 [demonic crawler (11)]
 36670 | Spider:2 | HP: 7/137 [demonic crawler (12)]
 36670 | Spider:2 | Mangled by a demonic crawler

Illustrated notes

Levels and vault maps discovered:
D:1:      dpeg_arrival_shelter, layout_basic, dk_noncrumbling_4
D:2:      minmay_skewed_foursquare, layout_basic, basic_altar,
          shapermc_ecumenical_altar_mp_vishouse
D:3:      layout_rooms, grunt_ministairs_8
D:4:      layout_rooms, enter_ossuary_1, uniq_ijyb, uniq_robin, uniq_menkaure
D:5:      layout_basic, temple_statues
D:6:      layout_loops_cross, serial_rivers, chequers_serial_rivers_small_3,
          chequers_serial_rivers_room_a, chequers_serial_rivers_room_b,
          chequers_serial_rivers_micro_c
D:7:      layout_rooms, enter_bailey_2, eino_tiny_chamber
D:8:      layout_basic, okawaru_ov_weapons_minmay
D:9:      layout_rooms, nicolae_overflow_hidden_temple,
          nemelex_xobeh_ov_fountains_minmay, erik_lair_dragon, st_stairs_12,
          kennysheep_small_square, uniq_harold
D:10:     layout_cave_pools
D:11:     layout_roguey
D:12:     layout_basic, enter_trove_3, serial_library_hellmonk_long_bookcase,
          nicolae_shop_vocational
D:13:     layout_basic, david_vaults_4, serial_shops, shop, st_stairs_1,
          nicolae_tso_carved_into_rock, uniq_rupert
D:14:     layout_roguey, serial_shops, shop, kennysheep_inner_square,
          uniq_nessos
D:15:     grunt_enter_depths_hoard, layout_rooms, minmay_misc_feat_tower,
          hellmonk_ghost_happy_afterlife
Temple:   hellmonk_temple_divided_pantheon
Lair:1:   layout_loops_ring, gauntlet_entry_generic
Lair:2:   layout_cave_shapes, swamp_mist_pool, small_statue_intersection
Lair:3:   wad_woods_minihive, layout_layer_cave,
          nicolae_spider_entry_orb_guardian, grunt_megastairs_4
Lair:4:   layout_cave_pods, ebering_ghost_funeral_grove, basic_altar,
          nicolae_quartered_pool_impasse, infiniplex_staircase_pool_2
Lair:5:   minmay_lair_end_enchanted_forest, layout_regular_city, slime_entry_2,
          uniq_urug
Spider:1: layout_cave_pods
Spider:2: layout_chambers, uniq_arachne, uniq_jorgrun
Orc:1:    layout_caves
Orc:2:    grunt_orc_gardens, layout_diamond_mine, grunt_orc_garden,
          grunt_orc_garden, grunt_orc_garden, grunt_orc_garden,
          nicolae_specific_store

Skill      XL: |  1  2  3  4  5  6  7  8  9 10 11 12 13 14 15 |
---------------+----------------------------------------------+-----
Maces & Flails | 3 4 5 6 7 8 10 12 14 16 | 16.0
Armour         | 4 5 6 9 10 12 14 16 17 | 17.6
Shields        | 4 7 11 12 | 12.0
Fighting       | 5 8 10 12 13 | 13.9
Evocations     | 5 10 | 10.0
Dodging        | 4 6 |  6.9

Action                     |  1- 3 |  4- 6 |  7- 9 | 10-12 | 13-15 || total
---------------------------+-------+-------+-------+-------+-------++-------
  Melee: Flail             |    79 |     4 |    38 |   230 |       ||   351
         Whip              |    24 |    93 |   214 |   107 |       ||   438
         Spear             |     4 |     4 |    87 |       |       ||    95
         Hand axe          |       |   108 |   153 |    12 |       ||   273
         Morningstar       |       |       |       |   552 |  1224 ||  1776
  Throw: Dart              |       |    10 |    41 |    60 |       ||   111
         Throwing net      |       |       |       |     4 |       ||     4
 Invoke: Reject Sacrifices |       |       |     1 |     1 |     4 ||     6
         Sacrifice Essence |       |       |     1 |     1 |     1 ||     3
         Sacrifice Purity  |       |       |     1 |       |       ||     1
         Sacrifice Love    |       |       |       |     1 |       ||     1
         Sacrifice Arcana  |       |       |       |     1 |       ||     1
         Draw Out Power    |       |       |       |     1 |       ||     1
         Sacrifice Forms   |       |       |       |       |     1 ||     1
  Evoke: Wand              |       |       |     1 |     6 |     2 ||     9
         Condenser vane    |       |       |       |       |     1 ||     1
    Use: Scroll            |       |     7 |     3 |    12 |     6 ||    28
         Potion            |       |     1 |     4 |     5 |       ||    10
   Stab: Held in net/web   |       |       |       |     4 |       ||     4
         Invisible         |       |       |       |     6 |    11 ||    17
         Distracted        |       |       |       |     3 |     9 ||    12
         Paralysed         |       |       |       |    10 |     5 ||    15
 Armour: Scale mail        |    86 |   107 |   306 |    42 |       ||   541
         Plate armour      |       |       |       |   572 |   328 ||   900
         Chain mail        |       |       |       |    23 |     1 ||    24
         Crystal plate arm |       |       |       |       |   533 ||   533
  Dodge: Dodged            |    60 |    63 |   186 |   162 |   290 ||   761
  Block: Buckler           |    40 |    35 |    88 |    59 |     9 ||   231
         Kite shield       |       |       |       |   304 |   597 ||   901

Table legend: (Time is in decaauts)
 A = Elapsed time spent in this place.
 B = Non-inter-level travel time spent in this place.
 C = Inter-level travel time spent in this place.
 D = Time resting spent in this place.
 E = Time spent auto-exploring this place.
 F = Levels seen in this place.
 G = Mean time per level.
                   A        B        C        D        E       F      G
               +--------+--------+--------+--------+--------+-----+--------+
         Total |  36232 |  32989 |   3243 |   8215 |  17145 |  29 | 1249.4 |
       Dungeon |  23424 |  20735 |   2689 |   5957 |  10125 |  15 | 1561.6 |
        Temple |     32 |     19 |     13 |      0 |      0 |   1 |   32.0 |
          Lair |   7200 |   6785 |    415 |    895 |   4790 |   5 | 1440.0 |
   Spider Nest |   1462 |   1412 |     50 |    195 |    871 |   2 |  731.0 |
  Orcish Mines |   1955 |   1881 |     74 |    539 |    964 |   2 |  977.5 |
         Trove |     65 |     65 |      0 |      0 |      2 |   1 |   65.0 |
       Ossuary |    560 |    560 |      0 |    228 |      0 |   1 |  560.0 |
        Bailey |    623 |    623 |      0 |    173 |     55 |   1 |  623.0 |
      Gauntlet |    908 |    908 |      0 |    227 |    338 |   1 |  908.0 |
               +--------+--------+--------+--------+--------+-----+--------+

Top non-repeatable levels by time:
     D:6: 2733 daAuts
     D:9: 2449 daAuts
    D:11: 2214 daAuts
  Lair:3: 2135 daAuts
    D:12: 2090 daAuts
     D:8: 2085 daAuts
     D:5: 2068 daAuts
  Lair:5: 1702 daAuts
  Lair:4: 1443 daAuts
     D:2: 1413 daAuts
  Lair:1: 1323 daAuts
Spider:1: 1260 daAuts
    D:14: 1228 daAuts
    D:15: 1176 daAuts
     D:7: 1162 daAuts
